 Dungeon Crawl Stone Soup version 0.31.0-12-g77e489cdc1 (webtiles) character file.

Game seed: 16243663559031306326

3124 BlackCrag the Thaumaturge (level 9, -19/45 HPs)
             Began as a Deep Elf Earth Elementalist on Mar 2, 2024.
             Was a Priest of Sif Muna.
             Demolished by a death yak (21 damage)
             ... on level 7 of the Dungeon on Mar 3, 2024.
             The game lasted 00:41:43 (7126 turns).

BlackCrag the Thaumaturge (DEEE)                    Turns: 7126, Time: 00:41:44

Health: -19/45     AC:  3    Str:  8    XL:     9   Next: 60%
Magic:  34/34      EV: 12    Int: 25    God:    Sif Muna [***...]
Gold:   444        SH:  5    Dex: 15    Spells: 11/29 levels left

rFire   . . .        e - staff of earth
rCold   . . .        (no shield)
rNeg    . . .        H - +1 robe of Zesmeoti {*Slow rElec rCorr Str+3}
rPois   .            (no helmet)
rElec   +            (no cloak)
rCorr   +            (no gloves)
SInv    .            (no boots)
Will    .....        J - amulet of reflection
Stlth   ++           k - ring of magical power
HPRegen 0.27/turn    (no ring)
MPRegen 0.24/turn

%: slow self (1%), reflection
@: about to teleport
A: no striking features
a: Renounce Religion, Channel Magic, Forget Spell


You were on level 7 of the Dungeon.
You worshipped Sif Muna.
Sif Muna was most pleased with you.
You visited 2 branches of the dungeon, and saw 9 of its levels.

You collected 444 gold pieces.

Inventory:

Hand Weapons
 r - the +7 quarterstaff "Roeg" {flame, rElec}
   (You found it on level 2 of the Dungeon)

   rElec:     It insulates you from electricity.
Missiles
 m - 3 boomerangs (quivered)
 n - 5 javelins
Armour
 a - a +1 robe
 H - the +1 robe of Zesmeoti (worn) {*Slow rElec rCorr Str+3}
   (You found it on level 6 of the Dungeon)

   Str+3:     It affects your strength (+3).
   rElec:     It insulates you from electricity.
   rCorr:     It protects you from acid and corrosion.
   *Slow:     It may slow you when you take damage.
Magical Staves
 e - a staff of earth (weapon)
Jewellery
 k - a ring of magical power (left hand)
 J - an amulet of reflection (around neck)
Wands
 y - a wand of iceblast (10)
 D - a wand of acid (2)
 K - a wand of charming (7)
Scrolls
 c - 3 scrolls of enchant armour
 d - a scroll of enchant weapon {unknown}
 i - a scroll of brand weapon {unknown}
 l - 2 scrolls of fear {unknown}
 o - a scroll of revelation {unknown}
 p - a scroll of noise {unknown}
 q - a scroll of torment {unknown}
 s - a scroll of acquirement {unknown}
 v - a scroll of amnesia {unknown}
 w - 2 scrolls of blinking {unknown}
 E - 2 scrolls of immolation {unknown}
 F - a scroll of butterflies {unknown}
 I - a scroll of fog {unknown}
Potions
 b - a potion of magic
 f - 2 potions of haste
 g - 3 potions of curing
 j - 2 potions of cancellation
 u - a potion of ambrosia {unknown}
 x - 4 potions of resistance
 z - a potion of might {unknown}
 A - a potion of invisibility {unknown}
 B - 2 potions of brilliance {unknown}
 C - a potion of attraction {unknown}
 G - a potion of mutation {unknown}


   Skills:
 + Level 0.1 Fighting
 + Level 1.0 Throwing
 + Level 2.6 Dodging
 + Level 3.1 Stealth
 * Level 10.5 Spellcasting
 * Level 4.4 Conjurations
 + Level 1.2 Hexes
 * Level 4.8 Fire Magic
 + Level 1.5 Air Magic
 * Level 9.0 Earth Magic
 + Level 0.5 Alchemy
 * Level 4.0 Invocations


You had 11 spell levels left.
You knew the following spells:

 Your Spells              Type           Power      Damage    Failure   Level
a - Sandblast             Erth           100%       2d20      1%          1
b - Stone Arrow           Conj/Erth      100%       3d13      1%          3
c - Swiftness             Air            21%        N/A       8%          3
d - Inner Flame           Hex/Fire       28%        N/A       4%          3
e - Petrify               Alch/Erth      53%        N/A       7%          4
f - Flame Wave            Conj/Fire      36%        2d10      7%          4

Your spell library contained the following spells:

 Spells                   Type           Power      Damage    Failure   Level
 Passwall                 Erth           73%        N/A       1%          3
 Brom's Barrelling Bould  Conj/Erth      63%        2d8       3%          4
 Ensorcelled Hibernation  Hex/Ice        32%        N/A       5%          2
 Lesser Beckoning         Tloc           26%        N/A       7%          2
 Gell's Gravitas          Tloc           13%        N/A       14%         3
 Teleport Other           Tloc           13%        N/A       14%         3
 Sticky Flame             Fire/Alch      26%        2d6       16%         4


Dungeon Overview and Level Annotations

Branches:
Dungeon (8/15)             Temple (1/1) D:4
   Lair: D:8-11

Altars:
Ashenzari
Cheibriados
Dithmenos
Elyvilon
Fedhas
Hepliaklqana
Kikubaaqudgha
Makhleb
Nemelex Xobeh
Qazlal
Ru
Sif Muna
Trog
Uskayaw
Vehumet
Wu Jian
Xom
Yredelemnul
Zin
The Shining One

Shops:
D:7 (

Annotations:
D:3 1 runed translucent door, Killerpretzel's ghost, amateur OpSh
D:4 2 transporters, exclusion: statue, mrhuddles's ghost, amateur MiBe
D:7 Pikel


Message History

Confirm with . or Enter, or press ? or * to list all spells.
Aiming: Stone Arrow (safe; 1% risk of failure)
Press: ? - help, Shift-Dir - straight line, f/p - Maurice
Aim: Maurice, wielding a +0 dagger of venom, wearing a +0 cloak and carrying a wand of flame (flame, almost dead, inner flame, petrified, 100% to hit)
You feel a surge of power!
The stone arrow hits Maurice!!
Sif Muna accepts your kill.
Maurice explodes!
You feel sick.
You hear a shout! x4; You hear a bellow!
Your Earth Magic skill increases to level 9!
Your Invocations skill increases to level 4!
You start resting.
You feel sick.
Your magical contamination has completely faded away.
You start resting.
You feel sick. x3
You are no longer poisoned.
Pikel, Merchant of Souls comes into view.
He is wielding a +0 whip of freezing.
There is a stone staircase leading up here.
You climb upwards.
There is a stone staircase leading down here.
You start resting.
HP restored.
You start resting.
Magic restored.
You climb downwards.
Level annotation: Pikel Pikel hits you with a +0 whip of freezing.
Pikel freezes you. The death yak gores you!!
There is a stone staircase leading up, spattered with blood here.
Pikel says, "You'll feel the lick of my whip!"
Pikel hits you with a +0 whip of freezing!
* * * LOW HITPOINT WARNING * * *
Pikel freezes you.
* * * LOW HITPOINT WARNING * * *
The death yak gores you!
* * * LOW HITPOINT WARNING * * *
You climb upwards.
There is a stone staircase leading down here.
As you read the scroll of teleportation, it crumbles to dust.
You feel strangely unstable. Pikel barely misses you. The death yak gores you!!
You die...

#..##...## ##.## ##.##
#..#.....## #..# ##.##
#..#......###..# ##.## ####
#..........##..#####.## ...#
##..........#...##..## # ...#
##..................# # ...#
#..................## ##
...###..........Y.......## ####.
...##.........>.@........####....
...##...........K............####
...#.....................#####
..........[.............##
.......................##
........................##
........................)#
.......................[)##
..........................#######


You could see a death yak and Pikel.

Vanquished Creatures
  Maurice (D:8)
  5 yaks (D:7)
  A wyvern (D:6)
  A steam dragon (D:7)
  A black bear (D:7)
  An ice beast (D:6)
  3 ogres
  2 centaurs
  A phantom (D:6)
  A gnoll sergeant (D:6)
  A killer bee (D:7)
  4 howler monkeys
  An orc priest (D:7)
  5 hounds
  3 jellies
  A gnoll bouda (D:6)
  2 sleepcaps
  5 orc wizards
  An iguana (D:3)
  18 gnolls
  4 adders
  2 white imps
  2 ufetubi (D:5)
  3 dart slugs
  2 ribbon worms (D:2)
  14 orcs
  8 bats
  5 endoplasms
  2 giant cockroaches (D:4)
  10 hobgoblins
  11 jackals
  2 kobolds
  2 quokkas
  5 ball pythons
  2 frilled lizards (D:1)
  7 goblins
  4 rats
143 creatures vanquished.

Vanquished Creatures (others)
  A human (D:4)
1 creature vanquished.

Grand Total: 144 creatures vanquished

Notes
Turn   | Place    | Note
-------+----------+-------------------------------------------
     0 | D:1      | BlackCrag the Deep Elf Earth Elementalist began the quest
                  | for the Orb.
     0 | D:1      | Reached XP level 1. HP: 10/10 MP: 6/6
   216 | D:1      | Reached XP level 2. HP: 15/15 MP: 4/8
  1018 | D:2      | You fall into a shaft and drop 2 floors!
  1018 | D:4      | Found a glowing golden altar of the Shining One.
  1080 | D:4      | Found an ancient bone altar of Kikubaaqudgha.
  1082 | D:4      | Noticed a human
  1089 | D:4      | Killed a human
  1097 | D:4      | Found a staircase to the Ecumenical Temple.
  1106 | Temple   | Entered the Ecumenical Temple
  1119 | Temple   | Became a worshipper of Sif Muna the Loreminder
  1204 | D:2      | Reached XP level 3. HP: 19/19 MP: 10/10
  1208 | D:2      | Learned a level 3 spell: Stone Arrow
  1212 | D:2      | Learned a level 3 spell: Swiftness
  1356 | D:2      | Reached XP level 4. HP: 24/24 MP: 11/11
  1646 | D:2      | Reached skill level 4 in Spellcasting
  1669 | D:2      | Found a glowing golden altar of the Shining One.
  1714 | D:2      | Reached * piety under Sif Muna
  1721 | D:2      | Learned a level 3 spell: Inner Flame
  1950 | D:2      | Identified the +7 quarterstaff "Roeg" {flame, rElec}
  2177 | D:3      | Reached skill level 5 in Earth Magic
  2177 | D:3      | Reached XP level 5. HP: 28/28 MP: 13/13
  2496 | D:3      | Found a runed translucent door.
  2496 | D:3      | Noticed Killerpretzel's ghost (amateur OpSh)
  2895 | D:4      | Reached skill level 1 in Fire Magic
  2895 | D:4      | Reached XP level 6. HP: 32/32 MP: 15/15
  2949 | D:4      | Found a hide-covered altar of Uskayaw.
  2949 | D:4      | Noticed a +0 short sword
  2949 | D:4      | Noticed a +0 spear
  2949 | D:4      | Noticed a +0 falchion
  2950 | D:4      | Noticed a +0 dagger
  2950 | D:4      | Noticed a +0 spear
  2951 | D:4      | Noticed a +0 falchion
  2951 | D:4      | Noticed a +0 dagger
  2952 | D:4      | Noticed a +0 short sword
  3008 | D:4      | Reached skill level 5 in Spellcasting
  3037 | D:4      | Found a stormy altar of Qazlal.
  3076 | D:4      | Found a radiant altar of Vehumet.
  3294 | D:4      | Found a transporter.
  3296 | D:4      | Found a transporter.
  3298 | D:4      | Identified the +7 halberd of Dal Vina {venom, rElec rF++
                  | Dex-2 SInv}
  3442 | D:4      | Noticed mrhuddles's ghost (amateur MiBe)
  3639 | D:5      | Entered Level 5 of the Dungeon
  3647 | D:5      | Reached ** piety under Sif Muna
  3648 | D:5      | Reached skill level 1 in Air Magic
  3653 | D:5      | Learned a level 4 spell: Petrify
  4707 | D:6      | Noticed a wyvern
  4831 | D:6      | Reached XP level 7. HP: 36/36 MP: 16/17
  4919 | D:6      | Reached skill level 6 in Spellcasting
  4919 | D:6      | Reached skill level 1 in Invocations
  5008 | D:6      | Killed a wyvern
  5270 | D:6      | Reached skill level 7 in Spellcasting
  5309 | D:6      | Reached XP level 8. HP: 41/41 MP: 21/21
  5427 | D:6      | Reached skill level 8 in Spellcasting
  5699 | D:6      | Identified the +1 robe of Zesmeoti {*Slow rElec rCorr
                  | Str+3}
  5723 | D:6      | Learned a level 4 spell: Flame Wave
  5794 | D:7      | Found Fauquwua's Weapon Shoppe.
  5826 | D:7      | Reached *** piety under Sif Muna
  5962 | D:7      | Reached skill level 9 in Spellcasting
  6087 | D:7      | Reached XP level 9. HP: 36/45 MP: 8/24
  6148 | D:7      | Reached skill level 1 in Hexes
  6566 | D:7      | Reached skill level 1 in Throwing
  6566 | D:7      | Reached skill level 10 in Spellcasting
  6849 | D:8      | Noticed Maurice
  7023 | D:8      | Maurice stole a staff of alchemy
  7029 | D:8      | Killed Maurice
  7033 | D:8      | Noticed Pikel
  7123 | D:8      | Noticed a death yak
  7124 | D:8      | HP: 2/45 [death yak (10)]
  7126 | D:7      | Demolished by a death yak

Illustrated notes

Levels and vault maps discovered:
D:1:      dpeg_arrival_rhombi, layout_basic, minivault_11
D:2:      layout_loops_ring, basic_altar, dk_vineyard_2,
          chequers_serial_rivers_room_a
D:3:      layout_basic, gammafunk_ghost_grave
D:4:      layout_gridville, mainiacjoe_overflow_surrounded_room,
          nicolae_uskayaw_en_pointe, vehumet_statue, tso_metal_star,
          tgw_kikubaaqudgha, minmay_temple_entry_large_hall,
          gammafunk_ghost_gnarly_gnolls, minmay_misc_feat_encased
D:5:      layout_loops_corners, nicolae_sextant
D:6:      layout_rooms
D:7:      layout_layer_cave, serial_shops, kennysheep_mini
D:8:      layout_cave_pools, okawaru_ov_weapons_minmay, david_lair_generic,
          uniq_maurice, uniq_pikel
Temple:   bh_familiar_temple

Skill      XL: |  1  2  3  4  5  6  7  8  9 |
---------------+----------------------------+-----
Earth Magic    | 4 5 6 7 8 9 |  9.0
Conjurations   | 2 3 4 |  4.4
Spellcasting   | 4 5 7 9 10 | 10.5
Fire Magic     | 1 2 4 |  4.8
Air Magic      | 1 |  1.5
Stealth        | 3 |  3.1
Invocations    | 1 3 4 |  4.0
Hexes          | 1 |  1.2
Throwing       | 1 |  1.0
Fighting       | |  0.1
Dodging        | |  2.6
Alchemy        | |  0.5

Action                     |  1- 3 |  4- 6 |  7- 9 || total
---------------------------+-------+-------+-------++-------
  Throw: Boomerang         |       |     1 |    10 ||    11
   Cast: Sandblast         |    41 |    50 |    36 ||   127
         Stone Arrow       |       |    35 |    46 ||    81
         Swiftness         |       |     3 |     4 ||     7
         Inner Flame       |       |       |    13 ||    13
         Petrify           |       |       |     3 ||     3
 Invoke: Channel Magic     |       |       |     2 ||     2
    Use: Scroll            |     3 |     2 |     4 ||     9
         Potion            |       |       |     1 ||     1
 Armour: Robe              |     5 |    18 |    22 ||    45
  Dodge: Dodged            |     6 |     8 |    19 ||    33
  Block: Other             |       |       |     2 ||     2
         Reflection        |       |       |     1 ||     1
